cohdb
Replays
Latest Replays
All Replays
Popular Replays
Top Player Replays
Match Explorer
How It Works
Community
CoH3 Stats
Reddit
Sign in to upload your games and track your stats! →
Sign in with Steam
Match 47206681
Unlisted
Match 47206681
Overview
Messages
Build Orders
End
Construct Barracks
Riflemen Squad
Riflemen Squad
M1 Mortar Team
Riflemen Squad
Construct Medical Station
Air Support Center
Construct Motor Pool
Selects Advanced Infantry Battlegroup
M8 Greyhound Armored Car
Engineer Squad
Grenade Package
M1918 Browning Automatic Rifles
Selects Convert to Ranger Squad
Selects Artillery Observers
Selects M2A1 105mm Howitzer Emplacement
Convert to Ranger Squad
Construct Tank Depot
Grasshopper Recon Run
P-47 Strafing Run
M18 Hellcat Tank Destroyer
P-47 Strafing Run
M4A1 Sherman Medium Tank
M18 Hellcat Tank Destroyer
P-47 Strafing Run
P-47 Dive Bomb
Engineer Squad
Selects Frontline Medical Station
Frontline Medical Station
HKIK668
Amon Sapkowski
twysty
CosmeFulanito
Cylar
JVM
0
0
Comments
sign in to comment!
No comments posted yet!